Map: Frost LE

Players

lllIIIlllIII

  • Race: Protoss Protoss
  • League: Grandmaster

Miszu - Winner!

  • Race: Protoss Protoss
  • League: Master

VOD

Have the link to the VOD?

Description

Time

  • Played on: July 1, 2016, 6:27 p.m.
  • Length: 6:05
Show
View Real Time Build Order
Export as new Build Order

lllIIIlllIII Protoss 

Build Orders: Nexus First 

Get SALT Encoding   

  12  0:01  Probe (Chrono Boost)  
  13  0:12  Probe (Chrono Boost)  
  14  0:19  Pylon  
  14  0:22  Probe (Chrono Boost)  
  15  0:37  Probe (Chrono Boost)  
  16  0:48  Probe (Chrono Boost)  
  17  1:02  Nexus  
  17  1:11  Gateway  
  17  1:15  Probe (Chrono Boost)  
  18  1:21  Assimilator  
  18  1:26  Probe (Chrono Boost)  
  18  1:29  Assimilator  
  19  1:36  Probe (Chrono Boost)  
  21  1:47  Probe (Chrono Boost)  
  21  1:49  Gateway  
  21  1:57  Probe (Chrono Boost)  
  21  1:59  Cybernetics Core  
  22  2:08  Probe (Chrono Boost)  
  23  2:20  Probe x2 (Chrono Boost)  
  25  2:30  Probe (Chrono Boost)  
  25  2:36  Stalker x2 (Chrono Boost)  
  31  2:38  Warp Gate  
  31  2:41  Mothership Core  
  32  2:44  Probe  
  32  2:51  Pylon  
  33  2:58  Probe  
  34  3:03  Stalker (Chrono Boost)  
  36  3:09  Stalker (Chrono Boost)  
  38  3:15  Probe  
  39  3:25  Probe  
  38  3:29  Stalker (Chrono Boost)  
  41  3:34  Probe  
  41  3:35  Stalker (Chrono Boost)  
  41  3:55  Stalker (Chrono Boost)  
  43  4:05  Stalker (Chrono Boost)  
  43  4:07  Probe  
  46  4:12  Probe  
  45  4:23  Gateway  
  45  4:24  Robotics Facility  
  35  4:40  Probe x2  
  35  4:45  Sentry  
  35  4:46  Stalker  
  35  4:51  Pylon  
  35  4:52  Mothership Core  
  41  4:53  Pylon  
  34  5:11  Zealot x2  
  31  5:32  Zealot  
  31  5:33  Pylon  
  31  5:34  Pylon  
  26  5:44  Zealot  
Show
View Real Time Build Order
Export as new Build Order

Miszu Protoss - Winner!

Build Orders:  

Get SALT Encoding   

  12  0:00  Probe (Chrono Boost)  
  13  0:11  Probe (Chrono Boost)  
  14  0:17  Pylon  
  14  0:22  Probe (Chrono Boost)  
  15  0:36  Probe (Chrono Boost)  
  15  0:37  Gateway  
  16  0:45  Assimilator  
  16  0:46  Probe (Chrono Boost)  
  18  0:57  Probe (Chrono Boost)  
  18  0:58  Assimilator  
  18  1:05  Gateway  
  18  1:09  Probe (Chrono Boost)  
  19  1:20  Probe (Chrono Boost)  
  19  1:25  Cybernetics Core  
  20  1:31  Probe (Chrono Boost)  
  21  1:41  Probe (Chrono Boost)  
  22  1:52  Pylon  
  22  1:53  Probe (Chrono Boost)  
  23  2:06  Warp Gate (Chrono Boost)  
  23  2:10  Adept x2  
  27  2:17  Robotics Facility  
  27  2:34  Pylon  
  27  2:37  Stalker  
  27  2:40  Stalker  
  31  2:55  Gateway  
  31  3:06  Immortal (Chrono Boost)  
  33  3:30  Stalker x2  
  37  3:53  Immortal (Chrono Boost)  
  39  4:00  Pylon  
  35  4:17  Stalker x2  
  35  4:19  Stalker  
  36  4:40  Stalker  
  38  4:57  Pylon, Zealot  
  38  5:14  Zealot  
  38  5:16  Immortal (Chrono Boost)  
  38  5:17  Pylon  
  38  5:18  Pylon  
  40  5:36  Stalker x2  
  40  5:37  Stalker  
  40  6:03  Stalker  
Tags
 
Add a new tag
Caveats
  • Supply blocks, unpowered buildings, or Contaminate may cause inaccurate times.
  • Supply counts are checked every 10 seconds.